Map: Rhoskallian LE

Players

Phil - Winner!

  • Race: Terran Terran
  • League: Diamond
  • Spawn Location: 11:00

Pitch - Winner!

  • Race: Terran Terran
  • League: Diamond
  • Spawn Location: 12:00

qqq

  • Race: Zerg Zerg
  • League: Platinum
  • Spawn Location: 5:00

Massa

  • Race: Terran Terran
  • League: Platinum
  • Spawn Location: 6:00

VOD

Have the link to the VOD?

Description

Time

  • Played on: Nov. 30, 2020, 4:03 p.m.
  • Length: 19:20
Show
View Real Time Build Order
Export as new Build Order

Phil Terran - Winner!

Build Orders: Gas First Reaper Expand 

Get SALT Encoding   

  12  0:00  SCV  
  13  0:12  SCV  
  14  0:21  Supply Depot  
  14  0:24  SCV  
  15  0:33  Refinery  
  16  0:42  SCV  
  16  0:45  Barracks  
  16  0:54  SCV  
  17  1:07  SCV  
  18  1:19  SCV  
  19  1:31  Orbital Command  
  19  1:32  Reaper  
  20  1:44  Command Center  
  20  1:58  Factory  
  20  1:59  SCV  
  21  2:15  Supply Depot  
  21  2:17  SCV  
  21  2:19  Refinery, Barracks Reactor  
  22  2:32  SCV, Barracks  
  23  2:38  Barracks  
  23  3:08  Orbital Command  
  23  3:09  Marine x2  
  23  3:12  Bunker  
  24  3:14  Hellion  
  26  3:21  Supply Depot  
  26  3:27  Barracks Tech Lab x2  
  26  3:31  SCV  
  27  3:35  SCV  
  28  3:42  Supply Depot  
  28  3:43  SCV  
  29  3:53  Combat Shield, Stimpack  
  29  3:54  Marine  
  29  3:55  SCV, Marine  
  32  4:12  SCV x2  
  32  4:13  Marine x4  
  32  4:16  Supply Depot  
  38  4:24  SCV x2, Engineering Bay  
  40  4:33  Supply Depot  
  40  4:34  Supply Depot  
  40  4:36  SCV x2  
  42  4:44  Marine  
  42  4:45  Marine x3  
  46  4:51  Starport  
  46  4:55  SCV x2  
  46  4:56  Factory Reactor  
  48  5:03  Engineering Bay  
  48  5:11  Terran Infantry Weapons Level 1  
  48  5:13  Concussive Shells  
  48  5:14  Marine  
  48  5:15  Marine x3  
  51  5:32  Marine  
  51  5:33  Marine  
  53  5:42  Marine  
  54  5:43  Marauder  
  54  5:50  Marine  
  55  6:00  Marauder  
  57  6:10  Medivac x2  
  60  6:26  Supply Depot x2  
  60  6:29  Supply Depot  
  51  7:10  SCV  
  51  7:11  SCV  
  53  7:23  SCV x2  
  55  7:31  Command Center  
  55  7:32  Marauder x2, Marine x2  
  61  7:39  Barracks x2  
  61  7:40  Barracks x3  
  61  7:41  Terran Infantry Armor Level 1  
  61  7:45  Armory  
  61  7:48  SCV x2  
  61  7:49  Marine  
  61  7:50  Marine  
  65  7:53  Marauder x2  
  65  7:55  Refinery  
  69  8:00  SCV x2  
  71  8:07  Marine x2  
  73  8:14  Marauder  
  77  8:25  Marine x2  
  79  8:31  Marine  
  81  8:37  Barracks Reactor x2  
  81  8:38  Barracks Tech Lab x2  
  78  8:46  Orbital Command  
  78  8:48  SCV x2  
  80  8:59  Marauder x3  
  80  9:00  SCV x2, Marauder, Marine x3  
  93  9:05  Refinery  
  93  9:07  Ghost Academy  
  93  9:09  Refinery  
  93  9:12  SCV  
  94  9:17  Marine  
  94  9:18  Marine  
  94  9:19  Marine  
  94  9:20  Marauder, Marine x4  
  94  9:21  Marauder x3  
  101  9:44  Marauder x3, Marine  
  101  9:45  Marauder  
  109  9:48  Supply Depot  
  109  9:49  Supply Depot  
  109  9:54  Ghost Academy  
  109  10:02  Personal Cloaking  
  109  10:09  Marine x4  
  113  10:14  Ghost Academy  
  113  10:15  Ghost Academy  
  113  10:25  Ghost Academy  
  113  10:30  Ghost x2  
  117  10:40  Marauder x2, Marine x4  
  125  10:46  Ghost Academy  
  125  10:51  Supply Depot  
  125  10:52  Marine, Command Center, Medivac x2  
  125  10:53  Command Center, Supply Depot  
  128  11:18  Enhanced Shockwaves  
  128  11:19  Nuke x2  
  128  11:20  Nuke  
  72  13:01  Nuke x4  
  72  13:02  Nuke x2  
  64  13:21  Marine  
  64  13:22  Marine x10  
  63  13:35  Medivac x2  
  63  13:39  Marine  
  63  13:40  Marine x10  
  78  13:50  Planetary Fortress  
  78  13:57  Marine  
  78  13:58  Marine x10  
  89  14:05  Medivac x2  
  93  14:15  Marine x3  
  93  14:16  Marauder x3, Marine x5  
  107  14:33  Marine x5  
  107  14:34  Marauder  
  107  14:38  Marauder x2  
  122  15:00  Marauder x4, Marine  
  122  15:01  Marine x6  
  118  15:18  Marine  
  123  15:21  Marauder x3  
  123  15:22  Marauder  
  108  15:45  Terran Infantry Weapons Level 2  
  108  15:46  Terran Infantry Armor Level 2  
  87  16:30  SCV  
  87  16:33  SCV x2  
  89  16:42  Refinery  
  89  16:43  SCV  
  89  16:45  SCV x2  
  92  16:47  Nuke x3  
  92  16:48  Nuke x2  
  92  16:51  Command Center  
  92  16:53  Planetary Fortress  
  92  16:55  SCV  
  92  16:57  SCV x2  
  95  17:07  SCV  
  96  17:09  SCV x2  
  98  17:19  SCV  
  98  17:21  SCV  
  98  17:22  SCV  
  69  17:31  SCV  
  69  17:34  SCV x2  
  66  17:48  Marauder x3, Marine x2  
  66  17:49  Marauder, Marine x2  
  73  18:09  Marauder  
  73  18:10  Marauder x2  
  74  18:23  Marauder  
  76  18:31  Marauder  
  78  18:38  Marauder, Marine  
  81  18:43  SCV x2  
  83  19:03  SCV  
  83  19:04  SCV x3  
Show
View Real Time Build Order
Export as new Build Order

Pitch Terran - Winner!

Build Orders: 2 Factory, Gas First Reaper Expand, Mech 

Get SALT Encoding   

  12  0:03  SCV  
  13  0:15  SCV  
  13  0:20  Supply Depot  
  14  0:27  SCV  
  15  0:31  Refinery  
  15  0:43  Barracks  
  15  0:46  SCV  
  16  0:58  SCV  
  17  1:10  SCV  
  18  1:22  SCV  
  19  1:30  Reaper  
  20  1:34  SCV  
  20  1:38  Command Center  
  21  1:47  Orbital Command  
  21  1:55  Supply Depot  
  21  2:01  Marine  
  22  2:08  Refinery  
  22  2:14  Factory  
  22  2:20  SCV  
  23  2:25  Marine  
  24  2:32  SCV  
  24  2:52  SCV  
  24  2:57  Barracks Reactor  
  25  3:00  Widow Mine  
  25  3:04  SCV  
  25  3:05  Orbital Command  
  28  3:09  Factory  
  28  3:16  SCV  
  29  3:28  SCV  
  29  3:30  SCV  
  31  3:39  Supply Depot  
  31  3:40  SCV  
  32  3:42  SCV  
  32  3:43  Engineering Bay  
  33  3:50  Barracks Tech Lab  
  33  3:53  SCV  
  33  3:54  SCV  
  34  3:59  Hellion  
  34  4:00  Hellion  
  38  4:05  SCV, Supply Depot  
  38  4:06  SCV  
  39  4:17  SCV  
  39  4:18  SCV, Missile Turret  
  41  4:26  Hellion  
  41  4:27  Hellion  
  41  4:29  SCV  
  41  4:30  SCV  
  47  4:35  Missile Turret  
  47  4:37  Barracks Tech Lab  
  47  4:38  Refinery  
  47  4:41  SCV  
  47  4:42  SCV  
  47  4:47  Siege Tank  
  50  4:53  SCV, Factory  
  50  4:55  SCV  
  50  4:56  Supply Depot  
  52  5:01  Missile Turret  
  52  5:05  SCV  
  52  5:06  Missile Turret  
  52  5:07  SCV  
  54  5:11  Hellion x2  
  58  5:14  Infernal Pre-Igniter  
  58  5:17  SCV  
  58  5:19  SCV  
  59  5:29  SCV  
  59  5:31  SCV  
  59  5:34  Hellion x2, Siege Tank  
  68  5:41  SCV  
  69  5:43  SCV  
  68  5:53  Supply Depot  
  68  5:55  Supply Depot  
  68  6:09  SCV x2  
  70  6:20  Armory  
  70  6:21  SCV, Armory  
  70  6:22  SCV  
  72  6:27  Siege Tank x2  
  78  7:00  Command Center  
  78  7:02  Refinery  
  78  7:07  Drilling Claws  
  78  7:24  Command Center  
  78  7:35  Factory  
  78  7:40  Supply Depot  
  78  7:41  Supply Depot  
  78  7:42  Supply Depot  
  78  7:49  SCV x2  
  78  7:50  Hellion  
  78  7:51  Hellion  
  78  7:52  Siege Tank  
  77  8:01  SCV  
  77  8:02  SCV, Cyclone  
  82  8:10  Starport, Terran Vehicle And Ship Armor Level 1, Terran Vehicle Weapons Level 1  
  82  8:11  Hellion  
  86  8:12  Hellion  
  86  8:13  SCV  
  86  8:14  SCV  
  89  8:23  Orbital Command  
  89  8:24  Hellion  
  89  8:25  SCV  
  91  8:33  Hellion  
  91  8:34  Hellion x2  
  95  8:36  Factory Tech Lab  
  95  8:38  Factory  
  95  8:39  Refinery  
  95  8:40  Refinery  
  97  8:44  Barracks Reactor, SCV x2  
  97  8:45  Siege Tank  
  102  8:54  Orbital Command, Hellion  
  102  8:55  Hellion  
  106  8:56  SCV, Hellion  
  106  8:57  Hellion  
  106  8:58  Starport Reactor  
  106  8:59  SCV  
  112  9:15  Hellion  
  112  9:16  Supply Depot  
  112  9:17  Hellion x2, Supply Depot  
  118  9:18  Hellion, Siege Tank, Supply Depot  
  118  9:37  Hellion  
  118  9:38  Hellion x3  
  122  9:39  Siege Tank  
  119  9:50  Siege Tank  
  116  9:58  Hellion  
  116  9:59  Siege Tank  
  121  10:11  Siege Tank  
  126  10:14  Hellion  
  126  10:15  Medivac  
  128  10:22  Siege Tank  
  131  10:29  Hellion x2  
  131  10:32  Siege Tank  
  138  10:36  SCV x3  
  138  10:41  Orbital Command  
  138  10:42  Terran Vehicle And Ship Armor Level 2  
  141  10:43  Siege Tank  
  144  10:54  Siege Tank  
  144  10:56  Liberator  
  150  11:04  Siege Tank  
  149  11:14  Hellion x3  
  155  11:31  Siege Tank  
  155  11:33  Siege Tank  
  155  11:36  Siege Tank  
  125  11:42  Hellion x3  
  125  11:45  SCV x2  
  125  11:46  SCV x2  
  132  11:57  SCV  
  132  11:58  SCV  
  132  11:59  Liberator x2  
  140  12:03  Hellion, Siege Tank  
  140  12:04  Hellion  
  140  12:05  Siege Tank  
  140  12:08  Siege Tank  
  153  12:29  SCV x3  
  156  12:34  Refinery  
  156  12:36  Refinery  
  156  12:38  Command Center  
  156  12:40  Fusion Core  
  156  12:58  Starport  
  156  13:00  Supply Depot x2  
  156  13:05  Command Center  
  156  13:07  Terran Vehicle Weapons Level 2  
  156  13:08  Terran Vehicle And Ship Armor Level 3  
  156  13:21  SCV x2, Siege Tank  
  156  13:23  Supply Depot  
  156  13:25  Command Center  
  161  13:36  Starport Tech Lab  
  161  13:37  Advanced Ballistics  
  161  13:45  Viking x2  
  158  14:07  Viking  
  155  14:15  Orbital Command, Viking x2  
  159  14:18  SCV x2  
  159  14:19  SCV  
  162  14:32  Missile Turret  
  162  14:35  Missile Turret x2  
  162  14:37  Viking  
  164  14:41  Missile Turret  
  164  14:43  Missile Turret x2  
  164  14:45  Missile Turret  
  164  14:47  Missile Turret  
  164  14:53  Missile Turret  
  164  14:57  Missile Turret  
  164  14:58  Missile Turret x2  
  162  15:00  Missile Turret  
  160  15:09  Orbital Command  
  160  15:12  Orbital Command  
  153  15:17  Missile Turret  
  153  15:21  Missile Turret  
  136  15:22  Missile Turret  
  136  15:27  Siege Tank x3  
  145  15:34  Orbital Command  
  145  15:39  Starport  
  145  15:46  Factory  
  143  15:52  Starport  
  143  15:58  Missile Turret  
  143  15:59  Siege Tank  
  143  16:00  Refinery  
  143  16:02  Raven, Viking x2, Missile Turret x2  
  152  16:48  Terran Ship Weapons Level 1  
  152  16:56  Siege Tank x2  
  152  16:57  Cyclone, Hellion x2  
  165  17:04  Orbital Command  
  165  17:06  Liberator x2  
  165  17:07  Liberator  
  174  17:28  Cyclone x2  
  174  17:29  Cyclone  
  179  17:49  Viking x3  
  182  18:07  Factory Tech Lab  
  177  18:23  Factory x2  
  177  18:25  Factory  
  177  18:33  Refinery  
  177  18:34  Factory  
  177  18:38  Refinery  
Show
View Real Time Build Order
Export as new Build Order

qqq Zerg 

Build Orders: Hatch First, Lurkers 

Get SALT Encoding   

  12  0:01  Drone  
  13  0:09  Drone  
  14  0:20  Overlord  
  14  0:49  Hatchery  
  13  0:53  Drone  
  13  0:55  Drone  
  15  0:57  Drone  
  16  1:06  Extractor  
  15  1:21  Drone  
  15  1:22  Spawning Pool  
  15  1:24  Drone  
  16  1:30  Drone  
  17  1:38  Drone  
  18  1:48  Drone  
  19  2:02  Drone  
  19  2:05  Drone  
  21  2:08  Metabolic Boost  
  21  2:10  Queen  
  23  2:18  Queen  
  23  2:22  Drone  
  26  2:26  Zergling x2  
  26  2:28  Zergling x2  
  27  3:10  Lair  
  27  3:11  Drone  
  28  3:13  Overlord x2  
  28  3:31  Drone x3  
  28  3:32  Hatchery  
  28  3:34  Zergling x4  
  32  3:43  Zergling x6  
  32  3:46  Zergling x4  
  32  3:48  Drone  
  38  4:07  Zergling x4  
  38  4:08  Zergling x4  
  42  4:16  Zergling x4  
  44  4:21  Overlord x2  
  39  4:47  Drone x4  
  39  4:48  Drone  
  39  4:49  Drone x3  
  39  4:51  Extractor  
  46  4:54  Hydralisk Den  
  45  5:04  Infestation Pit  
  44  5:07  Evolution Chamber  
  44  5:08  Evolution Chamber  
  44  5:12  Drone x3  
  45  5:18  Drone x3  
  48  5:30  Overseer  
  48  5:32  Hatchery, Drone x3  
  48  5:34  Overlord  
  48  5:35  Zergling x2  
  51  5:56  Hydralisk x2  
  51  5:57  Hydralisk x2  
  51  5:59  Overseer  
  59  6:06  Drone x3  
  59  6:07  Drone x3  
  59  6:08  Extractor  
  59  6:10  Extractor  
  63  6:18  Extractor  
  62  6:20  Drone x2  
  55  6:46  Hydralisk x2  
  55  6:47  Hydralisk  
  54  6:53  Lurker Den  
  59  6:54  Drone x2  
  59  6:55  Drone x5  
  59  7:00  Drone, Overseer  
  67  7:01  Queen  
  67  7:06  Extractor  
  68  7:23  Queen  
  68  7:25  Drone x3  
  68  7:26  Drone x3  
  68  7:28  Hydralisk x2  
  68  7:29  Extractor  
  79  7:30  Zerg Ground Armor Level 1  
  79  7:32  Hive  
  79  7:33  Overlord  
  79  7:34  Overlord x5  
  79  7:37  Zerg Melee Weapons Level 1  
  79  7:41  Muscular Augments  
  75  7:55  Hydralisk  
  75  7:56  Hydralisk x2  
  75  7:57  Hydralisk  
  75  7:58  Drone x4  
  85  8:06  Hydralisk x2  
  85  8:07  Drone x2  
  91  8:16  Zergling x4  
  91  8:18  Drone  
  91  8:19  Drone  
  95  8:28  Drone  
  95  8:29  Drone  
  95  8:32  Lurker x2  
  99  8:35  Extractor  
  99  8:36  Drone  
  99  8:37  Spine Crawler  
  98  8:41  Drone x2  
  98  8:42  Drone x2  
  98  8:46  Lurker x2  
  104  8:49  Seismic Spines  
  104  8:53  Grooved Spines  
  104  8:55  Drone x3  
  107  9:01  Spore Crawler, Baneling Nest  
  106  9:02  Drone  
  106  9:03  Drone x2  
  106  9:06  Drone  
  109  9:24  Zerg Missile Weapons Level 1  
  97  9:46  Adaptive Talons  
  97  9:48  Hydralisk x5  
  97  9:49  Hydralisk x8  
  97  9:51  Drone x4  
  125  9:56  Lurker  
  125  9:57  Lurker  
  119  10:09  Lurker  
  119  10:12  Hydralisk x4  
  119  10:13  Hydralisk  
  126  10:27  Spine Crawler  
  122  10:29  Spine Crawler  
  122  10:30  Overlord  
  122  10:31  Overlord x2  
  120  10:40  Spine Crawler  
  118  10:43  Lurker x2  
  118  10:45  Overlord  
  118  10:46  Overlord  
  120  10:52  Ultralisk Cavern  
  120  10:55  Zerg Ground Armor Level 2  
  119  11:01  Lurker x6  
  125  11:05  Zergling x10  
  125  11:06  Zergling x10  
  125  11:07  Zergling x2  
  136  11:17  Spire  
  125  11:46  Lurker x6  
  131  12:09  Hydralisk  
  131  12:10  Hydralisk x2  
  131  12:11  Anabolic Synthesis  
  131  12:12  Zerg Melee Weapons Level 2  
  137  12:17  Hatchery  
  137  12:21  Hatchery  
  135  12:29  Hatchery  
  122  12:33  Hatchery  
  97  12:57  Drone x3  
  97  12:58  Mutalisk x3  
  93  13:00  Mutalisk, Ultralisk x2  
  110  13:28  Ultralisk  
  110  13:29  Chitinous Plating  
  110  13:33  Corruptor  
  116  13:35  Drone x4  
  116  13:36  Zergling x8  
  116  13:41  Drone x2  
  123  13:50  Corruptor x2  
  127  14:00  Corruptor  
  100  14:18  Mutalisk x3  
  100  14:20  Drone x4  
  100  14:21  Drone x7  
  100  14:22  Drone  
  100  14:24  Extractor  
  117  14:26  Extractor  
  116  14:37  Corruptor x2  
  111  14:39  Mutalisk  
  111  14:44  Drone x7  
  111  14:45  Drone  
  121  14:50  Spine Crawler  
  120  15:05  Greater Spire  
  120  15:08  Zergling x2, Ultralisk  
  120  15:09  Zergling x6  
  111  15:19  Drone, Ultralisk  
  111  15:20  Drone x8  
  111  15:21  Drone x3  
  127  15:31  Zergling x8  
  127  15:32  Drone x4  
  135  15:40  Extractor x2  
  133  15:44  Extractor  
  133  15:45  Spore Crawler  
  133  15:46  Spore Crawler  
  133  15:48  Spine Crawler  
  125  16:05  Ultralisk x3  
  125  16:06  Zergling x6  
  125  16:07  Drone x6  
  134  16:26  Drone, Ultralisk x2  
  134  16:27  Drone x7  
  144  16:35  Brood Lord  
  146  16:42  Drone  
  146  16:43  Drone x6  
  146  16:45  Extractor  
  152  16:47  Spine Crawler  
  152  16:49  Spore Crawler  
  150  16:56  Brood Lord  
  150  16:57  Brood Lord x2  
  156  17:01  Drone x4  
  156  17:02  Drone x4  
  156  17:08  Extractor  
  162  17:11  Drone  
  162  17:14  Hydralisk x2  
  162  17:15  Hydralisk x2  
  169  17:28  Overseer x4  
  162  17:42  Corruptor x3  
  162  17:43  Mutalisk x3  
  122  18:11  Ultralisk x3  
  136  18:15  Mutalisk x2  
  136  18:17  Drone  
  136  18:18  Drone x8  
  138  18:24  Spine Crawler  
  138  18:25  Spine Crawler  
  136  18:27  Spore Crawler  
  136  18:29  Mutalisk x3  
  136  18:31  Drone x2  
  136  18:32  Drone  
  142  18:44  Mutalisk x2  
  143  18:49  Mutalisk  
  143  18:51  Mutalisk  
Show
View Real Time Build Order
Export as new Build Order

Massa Terran 

Build Orders: Mech 

Get SALT Encoding   

  12  0:01  SCV  
  13  0:13  SCV  
  14  0:24  Supply Depot  
  14  0:25  SCV  
  15  0:29  Refinery  
  15  0:45  SCV  
  15  0:47  Barracks  
  16  0:57  SCV  
  17  1:09  SCV  
  18  1:21  SCV  
  18  1:23  Supply Depot  
  19  1:34  SCV  
  19  1:35  Factory  
  20  1:46  Orbital Command  
  20  1:48  Supply Depot  
  20  1:49  Reaper  
  21  2:15  SCV  
  22  2:23  Command Center  
  21  2:44  Hellion  
  21  2:46  Reaper  
  23  2:53  SCV  
  25  3:05  SCV  
  25  3:06  Hellion  
  27  3:17  SCV  
  28  3:24  Command Center  
  28  3:27  Factory Tech Lab  
  28  3:28  Barracks Reactor  
  28  3:31  Supply Depot  
  28  3:39  SCV  
  29  3:51  SCV, Barracks  
  30  4:12  Marine x2, Siege Tank  
  30  4:14  Orbital Command  
  30  4:15  SCV  
  36  4:22  Engineering Bay  
  36  4:23  Refinery  
  36  4:24  Starport  
  36  4:28  SCV  
  37  4:37  Marine x2  
  39  4:39  SCV x2  
  39  4:40  SCV  
  39  4:42  Barracks Tech Lab  
  42  4:51  SCV  
  42  4:52  SCV  
  44  4:54  Marine  
  45  5:03  Missile Turret  
  45  5:06  Missile Turret, Medivac  
  47  5:35  SCV  
  47  5:36  SCV x2  
  47  5:40  Stimpack  
  50  5:48  SCV x3  
  53  5:51  Marauder, Marine x2  
  53  5:54  Medivac  
  59  6:09  Marine x2  
  61  6:12  Marauder  
  61  6:18  Refinery  
  63  6:20  Refinery  
  63  6:23  SCV x2  
  63  6:35  SCV x2  
  64  6:47  SCV, Missile Turret  
  64  6:48  SCV  
  59  7:04  Marauder, Marine  
  59  7:05  Marine  
  56  7:22  Marine x2  
  52  7:24  Siege Tank  
  52  7:26  Marauder  
  52  7:29  Orbital Command  
  57  7:32  SCV x2  
  59  7:39  Refinery  
  59  7:40  Refinery, Marine x2  
  61  7:44  SCV x2  
  61  7:45  Barracks  
  61  7:46  Barracks  
  61  7:47  Barracks, Marauder  
  65  7:52  Factory x2  
  65  7:56  Siege Tank  
  65  7:58  Marine x2  
  70  8:05  Supply Depot  
  70  8:07  Supply Depot x3  
  70  8:09  Marauder  
  72  8:19  SCV  
  73  8:20  SCV x2  
  75  8:29  Siege Tank  
  75  8:30  Marauder  
  75  8:31  SCV, Marine x2, Supply Depot  
  75  8:32  SCV x2, Supply Depot  
  85  8:34  Combat Shield  
  85  8:35  Supply Depot x2  
  85  8:37  Barracks Tech Lab  
  85  8:38  Barracks Reactor, Barracks Tech Lab  
  85  8:40  Command Center  
  85  8:44  SCV x3  
  85  8:48  Factory Tech Lab  
  88  8:49  Factory Tech Lab, Marine x2  
  88  8:51  Starport Reactor, Marauder  
  88  8:52  Terran Infantry Weapons Level 1  
  92  8:58  Armory, Engineering Bay  
  92  8:59  SCV x3  
  92  9:01  Siege Tank  
  98  9:04  Marauder  
  98  9:05  Marauder  
  102  9:11  SCV x3  
  102  9:13  Marauder  
  96  9:22  Siege Tank x2  
  102  9:25  Marauder  
  103  9:34  Marauder  
  102  9:51  Command Center  
  102  9:55  Missile Turret  
  102  10:02  Marauder x3  
  102  10:03  Marine, Missile Turret  
  102  10:06  Missile Turret  
  109  10:07  Missile Turret x2  
  109  10:08  Planetary Fortress  
  109  10:10  SCV x2  
  111  10:17  Missile Turret  
  111  10:20  Medivac x2  
  115  10:23  Marauder x3  
  115  10:25  Concussive Shells  
  115  10:26  Smart Servos  
  121  10:28  Missile Turret  
  121  10:29  Missile Turret  
  121  10:30  Marine x3  
  124  10:38  Missile Turret  
  124  10:44  Marauder  
  124  10:45  Marauder x2  
  124  10:47  Supply Depot  
  130  11:06  Marauder  
  132  11:11  Supply Depot  
  132  11:17  Medivac x2  
  128  11:36  Supply Depot  
  119  11:57  Viking x2  
  119  11:59  Supply Depot  
  63  12:24  Marauder, Marine  
  63  12:25  Marauder x2, Marine x3  
  63  12:26  Siege Tank x3  
  63  12:27  Viking x2  
  83  12:42  Marine  
  83  12:43  Marine x2  
  87  12:46  Marauder  
  92  12:58  Siege Tank  
  92  13:00  Marine  
  92  13:04  Barracks Reactor, Barracks Tech Lab x2  
  85  13:07  Marauder  
  83  13:27  Command Center  
  83  13:28  Marauder  
  85  13:36  Orbital Command  
  85  13:40  Medivac x2  
  85  13:41  Command Center  
  89  13:42  Marauder  
  89  13:43  Marauder, Marine  
  89  13:44  Marine x3  
  96  13:50  Marauder  
  98  14:01  Marine  
  98  14:02  Marine x3  
  102  14:04  Marauder x2  
  106  14:10  Viking x2  
  106  14:11  Marauder  
  112  14:19  Marine x4  
  116  14:25  Marauder  
  116  14:26  Marauder  
  120  14:32  Marauder  
  116  14:46  Marauder  
  116  14:47  Marauder, Marine x4  
  116  14:48  Siege Tank  
  127  14:54  Marauder  
  129  15:04  Marine  
  129  15:05  Marine x3  
  133  15:08  Marauder  
  133  15:09  Marauder  
  124  15:15  Marauder  
  116  15:22  Marine  
  116  15:23  Marine x3  
  118  15:29  Marauder  
  118  15:30  Marauder, Siege Tank  
  124  15:37  Marauder  
  124  15:40  Marine x4  
  130  15:46  Command Center  
  130  15:49  Missile Turret  
  115  15:51  Marauder x2  
  97  15:58  Marauder, Marine x2  
  97  16:03  Marine x2  
  95  16:06  Medivac  
  95  16:10  Missile Turret  
  93  16:11  SCV x3  
  93  16:16  Marine  
  98  16:19  Marauder  
  98  16:23  SCV  
  90  16:41  Marauder  
  92  16:54  Medivac  
  92  16:55  Medivac  
  96  17:12  Siege Tank  
  96  17:13  Siege Tank x2  
  96  17:14  Marine  
  96  17:15  Marine x2  
  110  17:17  Barracks Tech Lab  
  102  17:32  Marine  
  99  17:44  Liberator  
  101  18:19  Liberator  
  104  18:21  Marine  
  104  18:22  Marine x4  
  109  18:39  Marine x2  
  109  18:40  Marine x3  
  114  18:56  Command Center  
  114  18:57  Marine x2  
Tags
 
Add a new tag
Caveats
  • Supply blocks, unpowered buildings, or Contaminate may cause inaccurate times.
  • Supply counts are checked every 10 seconds.